[Event "*** Titled Tuesday Blitz"]
[Site "Chess.com"]
[Date "2021.04.20"]
[Round "4"]
[White "energie73"]
[Black "KeithArkell"]
[Result "0-1"]
[WhiteElo "2351"]
[BlackElo "2593"]
[TimeControl "180+1"]
[EndTime "10:38:11 PDT"]
[Termination "KeithArkell won on time"]

1. d4 e6 2. Nf3 Nf6 3. Bf4 c5 4. e3 cxd4 5. exd4 Be7 6. Nbd2 b6 7. Bd3 Ba6 8. c4 O-O 9. O-O d5 10. b3 Nc6 11. Qe2 Rc8 12. Rad1 h6 13. Rfe1 Re8 14. h4 Bd6 15. Be5 Bxe5 16. dxe5 Ng4 17. Ng5 Ngxe5 18. Bh7+ Kh8 19. f4 g6 20. fxe5 hxg5 21. Qf3 Kg7 22.
cxd5 exd5 23. hxg5 Rh8 24. Nc4 Rxh7 25. Rxd5 Qxg5 26.
e6 Qf6 27. Nd6 Qxf3 28. gxf3 fxe6 29. Rxe6 Rf8 30. Rg5 Rh6 31. Ne4 Nd4 32. Re7+ Rf7 33. Rxf7+ Kxf7 34. Kg2 Nf5 35. Nf2 Rh8 36. Ng4 Re8 37.
f4 Re2+ 38. Kf3 Nd4+ 39. Kg3 Re3+ 40. Kg2 Bb7+ 41. Kf2 Re2+ 0-1

[Event "*** Titled Tuesday Blitz"]
[Site "Chess.com"]
[Date "2021.04.20"]
[Round "4"]
[White "Orest_Vovk"]
[Black "Nikolaj_6"]
[Result "1-0"]
[WhiteElo "2473"]
[BlackElo "2613"]
[TimeControl "180+1"]
[EndTime "10:38:12 PDT"]
[Termination "Orest_Vovk won by resignation"]

1. h3 d5 2. e4 dxe4 3. Nc3 Nf6 4. Qe2 Nc6 5. Nxe4 e5 6. Nf3 Be7 7. Nxf6+ Bxf6 8. Qe4 O-O 9. Bc4 Qd6 10. O-O Be6 11. Bxe6 Qxe6 12. d3 g6 13. Bh6 Rfe8 14. Rfe1 Rad8 15.
a3 Bg7 16. Bxg7 Kxg7 17. Qh4 Qf6 18. Qg3 Nd4 19. Nxd4 Rxd4 20. Re2 Qf4 21. Qxf4 Rxf4 22. Rae1 f6 23. g3 Rd4 24. f4 Rd5 25. fxe5 Rdxe5 26. Rxe5 fxe5 27. Re4 Kf6 28. Kf2 Rd8 29. Ke3 c5 30. Rc4 b6 31. b4 cxb4 32. axb4 Rd7 33. Rc6+ Kf5 34. c4 h5 35. Rc8 g5 36. Rf8+ Kg6 37.
b5 h4 38. gxh4 gxh4 39. Re8 Kf5 40. Rh8 Kg5 41. Re8 Kf5 42. Rg8 Rc7 43. Rf8+ Kg5 44.
Ke4 Rd7 45. Rf5+ Kg6 46. Rxe5 a6 47. Re6+ Kg5 48. bxa6 1-0

[Event "*** Titled Tuesday Blitz"]
[Site "Chess.com"]
[Date "2021.04.20"]
[Round "4"]
[White "Aradhya2000"]
[Black "svilson23"]
[Result "1-0"]
[WhiteElo "2603"]
[BlackElo "2257"]
[TimeControl "180+1"]
[EndTime "10:38:12 PDT"]
[Termination "Aradhya2000 won on time"]

1. d4 d5 2. c4 e6 3. Nc3 c6 4. e3 f5 5. Bd3 Nf6 6. Nge2 Bd6 7. Qc2 Ne4 8. O-O O-O 9. f3 Nxc3 10. Nxc3 dxc4 11.
Bxc4 c5 12. Nb5 cxd4 13. Nxd4 Qe7 14. Nxf5 Qc7 15. Nxd6 Qxd6 16. Rd1 Qb6 17. Qb3 Nc6 18. Bxe6+ Bxe6 19. Qxe6+ Kh8 20. Rd7 Rae8 21. Qb3 Nb4 22. Rd4 a5 23. Bd2 Qg6 24. Bxb4 axb4 25. Qd3 Qg5 26. e4 Qc5 27. Rd1 h6 28. Kh1 Qa5 29.
Qb3 Qh5 30. Rxb4 Rc8 31. Rc4 Rxc4 32. Qxc4 Rxf3 33. Rd8+ Kh7 34. Qg8+ Kg6 35. Qe8+ Rf7 36. Qe6+ Kh7 37. h3 1-0

[Event "*** Titled Tuesday Blitz"]
[Site "Chess.com"]
[Date "2021.04.20"]
[Round "4"]
[White "bricolageur"]
[Black "FontVella8"]
[Result "1-0"]
[WhiteElo "2316"]
[BlackElo "2434"]
[TimeControl "180+1"]
[EndTime "10:38:12 PDT"]
[Termination "bricolageur won by resignation"]

1. e4 e6 2. d4 d5 3. Nc3 Bb4 4. e5 c5 5. a3 Ba5 6. b4 cxb4 7.
Nb5 Nc6 8. Nd6+ Kf8 9. Nf3 Qc7 10. Bd3 b3+ 11. Bd2 bxc2 12. Qxc2 Nh6 13. O-O Bxd2 14. Qxd2 Nf5 15. Bxf5 exf5 16. Rfc1 Be6 17. Rab1 Rb8 18. Qb4 Kg8 19. Qa4 a6 20. Nxb7 Rxb7 21. Rxb7 Qxb7 22. Qxc6 Qxc6 23. Rxc6 h6 24. Rxa6 Kh7 25. h4 Rc8 26.
Kh2 Rc2 27. Kg3 Rc3 28. Kf4 Rc2 29. Ke3 Rc3+ 30. Kd2 Rb3 31. Ne1 g5 32. hxg5 hxg5 33. Nd3 f4 34. Kc2 Rb8 35. Nc5 Bf5+ 36. Kc3 Rb1 37. Rf6 Bg6 38. g3 fxg3 39. fxg3 Rg1 40.
Rf3 Ra1 41. Kb4 Bh5 42. Rd3 Rb1+ 43. Ka5 Be2 44. Re3 Bc4 45. a4 Rd1 46. Kb6 Rxd4 47. a5 Rd1 48. a6 Ra1 49. a7 Kg6 50. Rf3 d4 51. Rf6+ Kg7 52. Rd6 d3 53. Nxd3 Ra3 54. Nc5 Bf1 55. Rd4 Bg2 56. Ra4 Rxg3 57. Kc7 Rc3 58. Ra5 g4 59. Kb8 Rc1 60. Nb7 Rb1 61. a8=Q Bxb7 62. Qxb7 Rxb7+ 63. Kxb7 Kg6 64. Kc6 Kf5 65. Kd5 g3 66. Ra1 f6 67. e6 Kg4 68.
e7 f5 69. e8=Q 1-0

[Event "*** Titled Tuesday Blitz"]
[Site "Chess.com"]
[Date "2021.04.20"]
[Round "4"]
[White "Reader777"]
[Black "AlexTriapishko"]
[Result "0-1"]
[WhiteElo "2704"]
[BlackElo "2900"]
[TimeControl "180+1"]
[EndTime "10:38:13 PDT"]
[Termination "AlexTriapishko won on time"]

1. d4 Nf6 2. c4 e6 3. g3 d5 4. Bg2 dxc4 5. Nf3 Nc6 6. O-O Rb8 7. Nc3 b5 8. Ne5 Nxe5 9. dxe5 Nd7 10. Qd4 c5 11. Qf4 Bb7 12. Bxb7 Rxb7 13. a4 b4 14. Nb5 a6 15. Nd6+ Bxd6 16. exd6 c3 17. bxc3 b3 18.
Bb2 O-O 19. c4 Qc8 20. a5 Qc6 21. Rfd1 f6 22. Qg4 e5 23. Qe6+ Kh8 24. h4 Qe4 25. e3 h5 26. Rd2 Kh7 27. Rad1 Kg6 28. Rf1 Rfb8 29. Rfd1 Nf8 30. Qd5 Qxd5 31. Rxd5 Nd7 32. f4 Rb4 33. Rc1 Kf5 34. Kf2 Ke6 35. e4 Ra4 36. Ke3 Rxa5 37. Rd3 Ra2 38. Rb1 a5 39.
fxe5 fxe5 40. Rd5 a4 41. Bc3 Rc2 42. Ba1 b2 0-1

[Event "*** Titled Tuesday Blitz"]
[Site "Chess.com"]
[Date "2021.04.20"]
[Round "4"]
[White "Raja3401"]
[Black "deribas12345"]
[Result "0-1"]
[WhiteElo "2729"]
[BlackElo "2544"]
[TimeControl "180+1"]
[EndTime "10:38:13 PDT"]
[Termination "deribas12345 won by resignation"]

1. e4 e6 2. d4 d5 3. Nd2 Nf6 4. e5 Ne4 5. Nxe4 dxe4 6. Bc4 a6 7.
Ne2 b5 8. Bb3 c5 9. c3 cxd4 10.
cxd4 Bb4+ 11. Bd2 Nc6 12. O-O Bxd2 13. Qxd2 Nxe5 14. Qe3 Nc4 15. Bxc4 bxc4 16. Qxe4 Bd7 17. d5 O-O 18. Qxc4 Bb5 19. Qc2 Rc8 20. Qd2 Qxd5 21. Qxd5 exd5 22. Rfe1 Rc2 23. Nc3 d4 24. Nxb5 axb5 25.
a4 Rxb2 26. a5 d3 27. a6 d2 28. Red1 g6 29. Kf1 Ra8 30. Ke2 Rb4 31. Rxd2 Ra4 32. Rb1 R8xa6 33. Rxb5 Re6+ 34. Kd1 Ra1+ 35. Kc2 Ra2+ 36.
Kd1 Ra1+ 37. Kc2 Kg7 38. g3 h5 39. h4 Rc6+ 40. Kb2 Rf1 41. Rb3 Rf6 42. f4 Rg1 43.
Kc2 Rc6+ 44. Kb2 Rcc1 45. Rdd3 Rb1+ 46. Kc2 Rxb3 47. Kxb3 Kf6 48. Kc4 Kf5 49. Rd5+ Kg4 50. Rg5+ Kf3 51. f5 Rxg3 0-1

[Event "*** Titled Tuesday Blitz"]
[Site "Chess.com"]
[Date "2021.04.20"]
[Round "4"]
[White "Eloist"]
[Black "GAusal"]
[Result "1-0"]
[WhiteElo "2370"]
[BlackElo "2011"]
[TimeControl "180+1"]
[EndTime "10:38:13 PDT"]
[Termination "Eloist won by resignation"]

1. e4 e5 2. Bc4 Nc6 3. Nf3 Bc5 4. c3 d6 5. O-O Nf6 6. d3 a5 7. Nbd2 Kf8 8. h3 Be6 9. Bb5 h6 10. Re1 g6 11. Nf1 Kg7 12. d4 exd4 13. cxd4 Bb4 14. d5 Bxe1 15. Qxe1 Na7 16. Bd3 Bd7 17.
Qxa5 c5 18. Qxd8 Rhxd8 19. Bf4 Bb5 20. Bc2 Bxf1 21. Kxf1 Nb5 22. Bd3 Nh5 23. Bd2 Nd4 24. Bc3 Nf4 25. Nxd4 cxd4 26. Bxd4+ f6 27. Bb5 g5 28. a4 Rac8 29. Bc3 Rc5 30. f3 Rdc8 31.
Kf2 Rxc3 32. bxc3 Rxc3 33. Ra2 b6 34. Rb2 Kg6 35. g3 Nd3+ 36. Bxd3 Rxd3 37. Rxb6 Rd2+ 38. Ke3 Ra2 39. Rxd6 Rxa4 40. e5 Kf5 41. e6 Ke5 42. Rd8 Ra3+ 43. Kd2 Kd4 44. e7 Ra2+ 45. Kc1 Re2 46.
e8=Q Rxe8 47. Rxe8 Kxd5 48. Kd2 f5 49. Rh8 1-0

[Event "*** Titled Tuesday Blitz"]
[Site "Chess.com"]
[Date "2021.04.20"]
[Round "4"]
[White "zurzan"]
[Black "kubal123"]
[Result "0-1"]
[WhiteElo "1998"]
[BlackElo "2230"]
[TimeControl "180+1"]
[EndTime "10:38:13 PDT"]
[Termination "kubal123 won by checkmate"]

1. f4 d6 2. Nf3 Nf6 3. g3 g6 4. Bg2 Bg7 5. O-O O-O 6. d3 c5 7.
e4 Nc6 8. c3 e6 9. h3 Qc7 10. Be3 b6 11. a4 Bb7 12. Nbd2 a6 13. Qe1 Rfe8 14. g4 Nd7 15. f5 exf5 16. gxf5 d5 17. Nh4 dxe4 18. dxe4 Nce5 19. Qg3 Rac8 20. Bf4 c4 21. Kh1 Qc5 22. Be3 Qc6 23.
Bd4 Rcd8 24. Rf2 Qc8 25. Raf1 Nd3 26. Rf4 Nxf4 27. Qxf4 Ne5 28. f6 Nd3 29. Qg3 Bf8 30. b3 Qb8 31. Qe3 Nc5 32. bxc4 Qa8 33. Qg3 Nxe4 34.
Nxe4 Bxe4 35. Bxb6 Bxg2+ 36. Qxg2 Qxg2+ 37. Kxg2 Rc8 38. a5 Rxc4 39. Rf3 Rxh4 40. Kg3 Rc4 41. Rd3 Rec8 42. Rd7 Rxc3+ 43. Kf2 h5 44. Ra7 Rc2+ 45. Ke3 R2c3+ 46. Kd2 Rxh3 47. Rxa6 Bh6+ 48. Kd1 Rh2 49. Bg1 Rc1# 0-1

[Event "*** Titled Tuesday Blitz"]
[Site "Chess.com"]
[Date "2021.04.20"]
[Round "4"]
[White "UCantHandleDenker"]
[Black "RamyresCoelho"]
[Result "1-0"]
[WhiteElo "2597"]
[BlackElo "2219"]
[TimeControl "180+1"]
[EndTime "10:38:14 PDT"]
[Termination "UCantHandleDenker won on time"]

1. Nf3 Nf6 2. d3 g6 3. g3 Bg7 4. Bg2 O-O 5. O-O d6 6. Nbd2 c6 7. e4 Qc7 8. Re1 e5 9. a4 h6 10. b3 Be6 11. Ba3 Rd8 12. Qe2 Nbd7 13. Nc4 c5 14.
Bb2 a5 15. Na3 Nf8 16. Nb5 Qb6 17. Nd2 Ne8 18. Nc4 Bxc4 19. dxc4 Nc7 20. Nc3 Nce6 21.
Nd5 Qa7 22. h4 Nd4 23. Qd1 Rac8 24. Ne7+ Kh7 25. Nxc8 Rxc8 26. c3 Nde6 27. Qe2 Qb6 28. Qc2 g5 29. h5 Nd7 30. Bh3 Nf6 31. Bf5+ Kh8 32. Rad1 Nxh5 33. Rd2 Rd8 34. Re3 Bf8 35. Red3 Nhg7 36. Qd1 Nxf5 37. exf5 Ng7 38. Ba3 Nxf5 39. Rf3 Ne7 40. Rxf7 Qc6 41. Rf6 Ng8 42. Rf7 Qe8 43. Rxb7 Qg6 44. Bxc5 e4 45. Bd4+ Nf6 46. Re2 Bg7 47. Qe1 Re8 48. Rb5 h5 49. Rb6 h4 50.
Rxd6 hxg3 51. fxg3 Qf5 52. Rf2 Qh3 53. Rh2 1-0

[Event "*** Titled Tuesday Blitz"]
[Site "Chess.com"]
[Date "2021.04.20"]
[Round "4"]
[White "Mbneu"]
[Black "shnitez"]
[Result "0-1"]
[WhiteElo "2338"]
[BlackElo "2519"]
[TimeControl "180+1"]
[EndTime "10:38:14 PDT"]
[Termination "shnitez won by checkmate"]

1. d4 Nf6 2. c4 e6 3. Nc3 Bb4 4.
Bg5 c5 5. d5 h6 6. Bh4 g5 7. Bg3 Ne4 8. Be5 f6 9. Qd3 fxe5 10.
Qxe4 Bxc3+ 11. bxc3 Qf6 12. Nf3 d6 13. h4 exd5 14.
Qxd5 g4 15. Nd2 Qe6 16. Ne4 Qxd5 17. cxd5 Ke7 18. e3 Nd7 19. O-O-O Rf8 20. Be2 Nf6 21. Ng3 Bd7 22. c4 a6 23. Bd3 b5 24. Nf5+ Bxf5 25. Bxf5 bxc4 26. Be6 Rab8 27. Kc2 Ne4 28. f3 Nf2 29.
Rhf1 Nxd1 30. Rxd1 gxf3 31. gxf3 Rxf3 32. Rg1 Rxe3 33. Rg7+ Kf6 34. Rf7+ Kg6 35. Rf5 c3 36. h5+ Kg7 37. Rf7+ Kh8 38. Rf6 Rb2+ 39. Kd1 Rg3 40.
Rf8+ Kh7 41. Rf7+ Rg7 42. Bf5+ Kg8 43. Rf6 Rg1# 0-1

[Event "*** Titled Tuesday Blitz"]
[Site "Chess.com"]
[Date "2021.04.20"]
[Round "4"]
[White "Ajedrez_con_German"]
[Black "Andrii_Prydun"]
[Result "1-0"]
[WhiteElo "2495"]
[BlackElo "2331"]
[TimeControl "180+1"]
[EndTime "10:38:14 PDT"]
[Termination "Ajedrez_con_German won by resignation"]

1. Nf3 d5 2. e3 Nd7 3. c4 e6 4. Nc3 Nb6 5. cxd5 exd5 6. Be2 Nf6 7. O-O Be7 8. b3 O-O 9. Bb2 Bg4 10. Rc1 a5 11. d3 a4 12. Nxa4 Nxa4 13. bxa4 c6 14.
Rb1 Nd7 15. Bc3 b6 16. Nd4 Bxe2 17. Qxe2 Qc7 18. Rfc1 Bf6 19. Nf5 c5 20. Bxf6 Nxf6 21.
Qb2 Ra6 22. h3 Rfa8 23. d4 c4 24. Qb5 g6 25. Ng3 Rxa4 26. Qxb6 Qxb6 27. Rxb6 Kg7 28. Ne2 Rxa2 29. Nc3 R2a3 30. Rb5 Rd8 31. Rb7 h6 32. Rb5 h5 33. g3 h4 34. g4 g5 35. Kg2 Kg6 36. Kf3 Kg7 37. Rb6 Rd7 38. Nb5 Ra5 39. Nc3 Rda7 40. Rcb1 Ra3 41. Nb5 Ra2 42. Nxa7 Ne4 43.
R6b2 Nd2+ 44. Rxd2 Rxd2 45. Nb5 Rc2 46. Nc7 c3 47. Nxd5 Rb2 48. Rc1 c2 49. Ke2 Kg6 50. Kd3 1-0

[Event "*** Titled Tuesday Blitz"]
[Site "Chess.com"]
[Date "2021.04.20"]
[Round "4"]
[White "Deepweb2020"]
[Black "Kolle05"]
[Result "1-0"]
[WhiteElo "2494"]
[BlackElo "2331"]
[TimeControl "180+1"]
[EndTime "10:38:14 PDT"]
[Termination "Deepweb2020 won on time"]

1. Nf3 Nf6 2. c4 g6 3. b4 Bg7 4. Bb2 O-O 5. g3 d5 6. cxd5 Nxd5 7. Bxg7 Kxg7 8. Qb3 c6 9. Bg2 a5 10. b5 Kg8 11. Nc3 Nxc3 12. dxc3 Be6 13. c4 a4 14.
Qb4 cxb5 15. cxb5 Qb6 16. O-O Nc6 17. Qb1 Na7 18. Qb4 Qxb5 19. Qh4 Qc4 20. e4 f6 21. Rfc1 Qa6 22. Rc7 Nc6 23. Rb1 Rab8 24. Bf1 Qa5 25.
Rbxb7 Rxb7 26. Rxb7 Bxa2 27. Bb5 Ne5 28. Be2 Bf7 29.
Rxe7 Nxf3+ 30. Bxf3 a3 31. Qxf6 a2 32. Qa1 Rb8 33. Kg2 Rf8 34. e5 Qa3 35. Rd7 Rb8 36.
e6 1-0

[Event "*** Titled Tuesday Blitz"]
[Site "Chess.com"]
[Date "2021.04.20"]
[Round "4"]
[White "ENajer77"]
[Black "Aleksey_Sorokin"]
[Result "1/2-1/2"]
[WhiteElo "2688"]
[BlackElo "2828"]
[TimeControl "180+1"]
[EndTime "10:38:15 PDT"]
[Termination "Game drawn by repetition"]

1. d4 Nf6 2. c4 g6 3. Nc3 d5 4. cxd5 Nxd5 5. Bd2 Bg7 6. e4 Nxc3 7. Bxc3 O-O 8. Qd2 c5 9. d5 e6 10. d6 e5 11. Nf3 Nc6 12. Bb5 Nd4 13. Bxd4 exd4 14. O-O Qxd6 15. h3 b6 16. Rfe1 Bb7 17.
a4 a6 18. Bc4 Rae8 19. Qd3 a5 20. Bb5 Re7 21. Nd2 Qf4 22. Re2 Qc7 23. Rae1 Be5 24.
Nc4 Qd8 25. g3 Bc7 26. Nd2 Kg7 27. h4 Qd6 28. Nc4 Qf6 29. Nd2 h6 30. Bc4 Bc6 31.
b3 g5 32. h5 g4 33. Bd5 Bd7 34.
Kg2 Qg5 35. Rh1 Rfe8 36. Nc4 f5 37. e5 f4 38. gxf4 Qxf4 39. Qg6+ Kh8 40. e6 Bxe6 41. Rxe6 Rxe6 42. Bxe6 Qf3+ 43. Kg1 Qd1+ 44. Kg2 Qf3+ 45. Kg1 Qd1+ 46. Kg2 Qf3+ 1/2-1/2

[Event "*** Titled Tuesday Blitz"]
[Site "Chess.com"]
[Date "2021.04.20"]
[Round "4"]
[White "Vesper2018"]
[Black "chessdjw"]
[Result "0-1"]
[WhiteElo "2531"]
[BlackElo "2748"]
[TimeControl "180+1"]
[EndTime "10:38:15 PDT"]
[Termination "chessdjw won by resignation"]

1. e4 c5 2. Nc3 d6 3. Nge2 Nf6 4. d4 cxd4 5. Nxd4 a6 6. h3 e5 7. Nde2 h5 8. g3 Be7 9. Bg2 b5 10. a4 b4 11. Nd5 Nxd5 12. Qxd5 Ra7 13. Be3 Be6 14.
Qd2 Rb7 15. O-O Qc8 16. Kh2 Nd7 17. f4 Nf6 18. f5 Bc4 19. Rf2 a5 20. Rc1 Ba6 21.
c4 Kf8 22. b3 Qc6 23. Qc2 Rc7 24. Re1 Bb7 25. Nc1 Qe8 26. Bg5 Ng4+ 27. hxg4 Bxg5 28.
gxh5 Rxh5+ 29. Kg1 Qa8 30. Nd3 Qa7 31. Qe2 Rh6 32.
c5 Ba6 33. Qg4 f6 34. Bf1 Bxd3 35. Bxd3 Rxc5 36. Bc4 Rxc4 37. bxc4 Be3 38. Rxe3 Qxe3 39. Qf3 Qxf3 40. Rxf3 Ke7 41. Rd3 Rh8 42. Rd5 Rb8 43. c5 dxc5 44. Rxc5 b3 45. Rc1 Kd6 46. Kf2 b2 47.
Rb1 Kc5 48. Ke3 Kc4 0-1

[Event "*** Titled Tuesday Blitz"]
[Site "Chess.com"]
[Date "2021.04.20"]
[Round "4"]
[White "GracefulYear"]
[Black "chess94cu"]
[Result "0-1"]
[WhiteElo "2344"]
[BlackElo "2594"]
[TimeControl "180+1"]
[EndTime "10:38:15 PDT"]
[Termination "chess94cu won by checkmate"]

1. d4 Nf6 2. c4 e6 3. Nc3 d5 4. Bg5 Nbd7 5. Rc1 c6 6. e3 Qa5 7. Bxf6 Nxf6 8. Nf3 Bb4 9. Nd2 Ne4 10. Ndxe4 dxe4 11. Qb3 O-O 12. a3 Be7 13. Be2 c5 14. O-O cxd4 15. exd4 f5 16. f3 exf3 17. Bxf3 Bf6 18. Rcd1 Rd8 19. Ne2 Qc7 20. Rd2 Rb8 21. Rfd1 b6 22.
d5 exd5 23. Rxd5 Be6 24. Rxd8+ Rxd8 25. Rxd8+ Qxd8 26. Bd5 Bxd5 27. cxd5 Qd6 28. h3 Kf7 29. Kf2 Qc5+ 30. Kf3 Ke7 31. Nf4 g5 32. Nd3 Qd4 33.
Qb4+ Qxb4 34. axb4 Kd6 35. Ke3 Kxd5 36. b3 h5 37. Ne1 b5 38. Nf3 a6 39. Ne1 Bc3 40. Nd3 Bd4+ 41. Kf3 Bb6 42. g3 Kd4 43. Ne1 Kc3 44. h4 g4+ 45. Ke2 Bc7 46. Kf2 Kxb4 47. Nd3+ Kc3 48. Nc5 Bb6 49. b4 Kxb4 50. Ke3 Bxc5+ 51.
Kf4 Bd6+ 52. Kxf5 Bxg3 53. Kg5 Bxh4+ 54. Kxh5 g3 55. Kg4 g2 56. Kxh4 g1=Q 57. Kh3 Kc5 58.
Kh4 Kd5 59. Kh5 Ke5 60. Kh6 Kf6 61. Kh5 Qg5# 0-1

[Event "*** Titled Tuesday Blitz"]
[Site "Chess.com"]
[Date "2021.04.20"]
[Round "4"]
[White "yonaltimur"]
[Black "CURRUTACO59"]
[Result "0-1"]
[WhiteElo "1746"]
[BlackElo "2192"]
[TimeControl "180+1"]
[EndTime "10:38:16 PDT"]
[Termination "CURRUTACO59 won on time"]

1. e4 e5 2. Nf3 Nf6 3. Nxe5 d6 4.
Nf3 Nxe4 5. Nc3 Nf6 6. d4 d5 7. Be2 Be7 8. O-O O-O 9. Bf4 c6 10. h3 Nh5 11. Bh2 Bd6 12. Ne5 Nf6 13. Kh1 Qc7 14. a3 Nbd7 15. Nxd7 Bxd7 16. Bxd6 Qxd6 17. Qd2 Rfe8 18. Bd3 Nh5 19. Ne2 Qf6 20. c3 Qh4 21. Kh2 Re7 22. Rae1 Rae8 23. Ng3 Nf4 24. Bf5 Be6 25.
Bxe6 Rxe6 26. Rxe6 Rxe6 27. Re1 g6 28. Rxe6 Nxe6 29. Qe3 Qf6 30. Ne2 h5 31. Kg1 Qf5 32.
Kh2 Qc2 33. Nf4 Nxf4 34. Qxf4 Qxb2 35. Qb8+ Kh7 36. Qf4 Kg7 37. Qe5+ Kg8 38. Qe8+ Kg7 39. Qe5+ Kh7 40. Qf6 Kg8 0-1

[Event "*** Titled Tuesday Blitz"]
[Site "Chess.com"]
[Date "2021.04.20"]
[Round "4"]
[White "VinzentSpitzl"]
[Black "olksuna"]
[Result "0-1"]
[WhiteElo "2431"]
[BlackElo "2655"]
[TimeControl "180+1"]
[EndTime "10:38:18 PDT"]
[Termination "olksuna won by resignation"]

1. e4 e6 2. d4 d5 3. Bd3 c5 4. exd5 exd5 5. Nf3 c4 6. Be2 Nf6 7. O-O Be7 8. b3 cxb3 9. axb3 O-O 10. h3 Nc6 11. c4 Re8 12. Ba3 Bxa3 13. Nxa3 Ne4 14. Bd3 Bf5 15. Re1 Nb4 16. Bxe4 dxe4 17. Ne5 Nd3 18.
Nxd3 exd3 19. Rxe8+ Qxe8 20. Nb5 Qe7 21. Qd2 a6 22.
Nc3 Qb4 23. g4 Bg6 24. f4 Qxb3 25. f5 Qxc4 26. fxg6 Qxd4+ 27. Kg2 hxg6 28. Ra4 Qd7 29. Ra5 Qc6+ 30. Kf1 Rc8 31. Nd5 Qc1+ 32. Qxc1 Rxc1+ 33. Kf2 d2 34. Ne3 d1=Q 35. Nxd1 Rxd1 36. Re5 Rd7 37. Re8+ Kh7 38. g5 f6 39. h4 fxg5 40. hxg5 Rd5 41. Rb8 b5 42. Rb6 a5 43. Ke3 a4 44. Kf4 Rc5 0-1

[Event "*** Titled Tuesday Blitz"]
[Site "Chess.com"]
[Date "2021.04.20"]
[Round "4"]
[White "JoachimMouhamad"]
[Black "Kaslask"]
[Result "1-0"]
[WhiteElo "2460"]
[BlackElo "2296"]
[TimeControl "180+1"]
[EndTime "10:38:18 PDT"]
[Termination "JoachimMouhamad won on time"]

1. e4 c5 2. Nf3 Nc6 3. d4 cxd4 4.
Nxd4 Nf6 5. Nc3 d6 6. Bg5 a6 7.
Qd2 Nxd4 8. Qxd4 e5 9. Qd2 Be6 10. Be2 Qa5 11. Bxf6 gxf6 12. O-O h5 13. Rad1 O-O-O 14.
a3 Bh6 15. Qd3 Qc7 16. Nd5 Bxd5 17. Qxd5 Kb8 18. c4 h4 19. b4 Qc6 20. Rd3 Qxd5 21. Rxd5 Bf8 22. Rfd1 Be7 23. Bg4 Rdg8 24. Bf5 Ka7 25.
a4 Rg5 26. a5 Rhg8 27. Bh3 Re8 28. b5 Rgg8 29. b6+ Kb8 30. Kf1 Rd8 31. Ke2 Rh8 32.
Kf3 Rhg8 33. Bf5 Rg7 34. g3 hxg3 35. fxg3 Rgg8 36. h4 Rh8 37. Rh1 Bf8 38. Rhd1 Be7 39. Kg4 Rhg8+ 40. Kh3 Rh8 41. g4 Rhg8 42. h5 Rh8 43.
Kg3 Rdg8 44. Kf3 Rd8 45. Rh1 Rdg8 46. h6 Rd8 47. h7 Bf8 48. Rhd1 Be7 49. c5 1-0

[Event "*** Titled Tuesday Blitz"]
[Site "Chess.com"]
[Date "2021.04.20"]
[Round "4"]
[White "Goryachkina"]
[Black "zmeeed67"]
[Result "0-1"]
[WhiteElo "2647"]
[BlackElo "2506"]
[TimeControl "180+1"]
[EndTime "10:38:20 PDT"]
[Termination "zmeeed67 won on time"]

1. e4 c5 2. Nf3 e6 3. c3 Nf6 4. e5 Nd5 5. Bc4 Nc6 6. d4 cxd4 7. cxd4 d6 8. O-O Be7 9. Bd2 O-O 10. Nc3 Nxc3 11.
Bxc3 b6 12. d5 exd5 13. Bxd5 Bb7 14. Nd4 Nxd4 15. Bxb7 Rb8 16. Qxd4 Rxb7 17. exd6 Bf6 18. Qf4 Rd7 19. Rad1 Bxc3 20. bxc3 Qc8 21. Rd3 Rfd8 22. h4 Qa6 23. Re3 Qxa2 24. Rfe1 Rf8 25. Re7 Rdd8 26.
Rd1 h6 27. Kh2 Qb3 28. Rd3 Qb5 29. Rg3 Qh5 30. Rxa7 g5 31. Qd4 Rfe8 32. Re7 Rxe7 33. dxe7 Re8 34. Qe4 f6 35. Qe6+ Qf7 36. Qxb6 Rxe7 37.
Qd4 Qh5 38. Rh3 g4 39. Qxf6 Rf7 40. Qd8+ Rf8 0-1

[Event "*** Titled Tuesday Blitz"]
[Site "Chess.com"]
[Date "2021.04.20"]
[Round "4"]
[White "MatyChess1"]
[Black "renehp"]
[Result "1-0"]
[WhiteElo "2651"]
[BlackElo "2486"]
[TimeControl "180+1"]
[EndTime "10:38:20 PDT"]
[Termination "MatyChess1 won on time"]

1. e4 c5 2. Nf3 d6 3. d4 cxd4 4.
Nxd4 Nf6 5. Nc3 a6 6. a4 e6 7. g4 Be7 8. g5 Nfd7 9. f4 h6 10.
g6 Bh4+ 11. Ke2 Qf6 12. gxf7+ Qxf7 13. Bh3 Nc5 14. b4 e5 15. Bxc8 exd4 16. Qxd4 Ncd7 17.
Bxb7 Bf6 18. Qd3 Ra7 19. Bd5 Qh5+ 20. Kf1 Nb6 21. Bb3 Nc6 22. Be3 Qf3+ 23. Kg1 Nxb4 24.
Qd2 Rc7 25. e5 dxe5 26. Bxb6 Rxc3 27. Rf1 Qg4+ 28. Qg2 Qxg2+ 29. Kxg2 Nxc2 30. Bd5 Ne3+ 31. Bxe3 Rxe3 32. f5 Ke7 33. Rb1 Rd8 34. Be6 Rd2+ 35.
Kf1 Bh4 36. h3 Rf2+ 37. Kg1 Rf4 38. Rh2 1-0

[Event "*** Titled Tuesday Blitz"]
[Site "Chess.com"]
[Date "2021.04.20"]
[Round "4"]
[White "Steven_Rojas"]
[Black "elcandado"]
[Result "0-1"]
[WhiteElo "2476"]
[BlackElo "2646"]
[TimeControl "180+1"]
[EndTime "10:38:21 PDT"]
[Termination "elcandado won by resignation"]

1. c4 e6 2. Nc3 d5 3. d4 Nf6 4. cxd5 Nxd5 5. e4 Nxc3 6. bxc3 c5 7.
Nf3 cxd4 8. cxd4 Bb4+ 9. Bd2 Bxd2+ 10. Qxd2 O-O 11. Be2 b6 12. O-O Bb7 13. Qf4 Nd7 14.
Rfe1 Rc8 15. Rac1 Rxc1 16. Rxc1 Qa8 17. Bd3 Rc8 18. Ng5 Rxc1+ 19. Qxc1 h6 20. Nf3 Bxe4 21. Bxe4 Qxe4 22. h3 Qb7 23. Qa3 Nf6 24. Ne5 Qc7 25. Qa4 Qc1+ 26. Kh2 Qf4+ 27. Kg1 Ne4 28. Qe8+ Kh7 29.
Qxf7 Qxf7 30. Nxf7 Nc3 31. Nd8 Ne2+ 32. Kf1 Nxd4 33. Ke1 Kg6 34. Kd2 Kf6 35. Kd3 Ke7 36.
Nb7 Nf5 37. Kc4 a6 38. g4 Nd6+ 39. Nxd6 Kxd6 40. a4 Ke5 41. Kd3 Kf4 42. Ke2 b5 43. a5 g5 44. Kd3 Kf3 45. Kd4 Kxf2 46. Kc5 e5 47. Kb6 e4 48. Kxa6 e3 49. Kxb5 e2 50. a6 e1=Q 51. a7 Qe4 52. Kb6 Qa8 53. h4 gxh4 54.
g5 hxg5 55. Kc7 h3 56. Kd6 h2 57. Ke5 h1=Q 58. Kf6 0-1

[Event "*** Titled Tuesday Blitz"]
[Site "Chess.com"]
[Date "2021.04.20"]
[Round "4"]
[White "KetiGrant"]
[Black "Susal_De_Silva"]
[Result "0-1"]
[WhiteElo "2344"]
[BlackElo "2576"]
[TimeControl "180+1"]
[EndTime "10:38:21 PDT"]
[Termination "Susal_De_Silva won on time"]

1. e4 e5 2. Nf3 Nc6 3. Bb5 a6 4. Ba4 Nf6 5. O-O Be7 6. Re1 b5 7. Bb3 d6 8. c3 O-O 9. h3 Na5 10.
Bc2 c5 11. d4 Nd7 12. d5 Nb6 13. Nbd2 Bd7 14. Nf1 Qc7 15. g4 b4 16. Ng3 bxc3 17. bxc3 Nbc4 18. Nf5 Bxf5 19. gxf5 Rfb8 20. Kh1 f6 21.
Rg1 Bf8 22. Nh4 Qf7 23. Qe2 Nb2 24. Rb1 Nbc4 25. Rxb8 Rxb8 26. Bd3 Nb6 27. Bxa6 Na4 28. Bd3 Nxc3 29. Qc2 Qh5 30. Rg4 Nb1 31. Kh2 Rb4 32. Nf3 c4 33. Be2 Qf7 34. Rg1 Qb7 35. Ne1 c3 36. f3 Nd2 37. Nd3 Rd4 38. Bxd2 cxd2 39. Qxd2 Nc4 40. Qc3 Qb6 41. Nf2 Rd2 42.
Qxc4 Qxf2+ 43. Rg2 Qe3 44. a4 Qf4+ 45. Kh1 Rb2 46.
Rg1 Qh4 0-1

[Event "*** Titled Tuesday Blitz"]
[Site "Chess.com"]
[Date "2021.04.20"]
[Round "4"]
[White "artichaud"]
[Black "Kaua18"]
[Result "1-0"]
[WhiteElo "2229"]
[BlackElo "2399"]
[TimeControl "180+1"]
[EndTime "10:38:21 PDT"]
[Termination "artichaud won by checkmate"]

1. e4 c5 2. Nc3 Nc6 3. g4 d6 4. d3 h5 5. g5 g6 6. f4 Bg7 7. Bg2 h4 8. h3 e5 9. Nf3 Nd4 10. Nd5 Ne7 11. c3 Nxf3+ 12. Qxf3 Nxd5 13. exd5 Bf5 14. fxe5 dxe5 15. O-O Qd7 16. Re1 O-O-O 17. Be3 Qd6 18. b4 Bxd3 19. Bxc5 e4 20. Qg4+ Qd7 21. Bxe4 Qxg4+ 22. hxg4 Bxe4 23. Rxe4 b6 24. Bd4 Bxd4+ 25. Rxd4 Rde8 26. Rf1 h3 27. Rdf4 Re5 28. Rxf7 Rxg5 29. Rxa7 Rxg4+ 30. Kh1 Kb8 31. Rff7 Rc4 32. Rfb7+ Kc8 33.
Rg7 Kb8 34. d6 Rf8 35. Rgb7+ Kc8 36. d7+ Kd8 37. Rb8+ Ke7 38. Rxf8 Rxc3 39. d8=Q+ Ke6 40. Rf6+ Ke5 41. Qd6+ Ke4 42. Re7# 1-0